Map: Acropolis LE

Players

potatosalad - Winner!

  • Race: Zerg Zerg
  • League: Silver
  • Spawn Location: 5:00

TiPtOP

  • Race: Terran Terran
  • League: Silver
  • Spawn Location: 11:00

VOD

Have the link to the VOD?

Description

Time

  • Played on: Aug. 20, 2019, 7:33 a.m.
  • Length: 23:01
Show
View Real Time Build Order
Export as new Build Order

potatosalad Zerg - Winner!

Build Orders: Hatch First 

Get SALT Encoding   

  12  0:01  Drone  
  13  0:12  Overlord  
  13  0:16  Drone  
  14  0:31  Drone x2  
  14  0:35  Drone  
  17  0:52  Hatchery  
  17  0:55  Drone  
  17  1:09  Spawning Pool  
  16  1:12  Extractor  
  16  1:13  Drone  
  16  1:16  Drone  
  17  1:22  Drone  
  18  1:30  Drone  
  19  1:50  Drone x2  
  21  2:00  Overlord  
  21  2:06  Zergling x2  
  22  2:20  Queen  
  22  2:21  Queen  
  22  2:22  Overlord  
  26  2:25  Drone x2  
  26  2:26  Drone  
  29  2:40  Drone x2  
  31  2:45  Hatchery  
  30  2:53  Drone  
  30  2:54  Drone  
  30  2:55  Drone  
  33  3:02  Lair  
  33  3:04  Baneling Nest  
  32  3:15  Drone x3  
  35  3:21  Drone x2  
  37  3:31  Queen  
  39  3:46  Drone  
  39  3:47  Drone  
  41  3:54  Drone x2  
  41  3:55  Extractor  
  42  3:56  Overlord x2  
  42  4:05  Metabolic Boost  
  42  4:07  Zergling x6  
  47  4:18  Queen  
  47  4:22  Queen  
  49  4:25  Drone x3  
  49  4:26  Drone x2  
  49  4:27  Drone x4  
  49  4:29  Drone  
  59  5:13  Centrifical Hooks  
  59  5:21  Overlord x3  
  59  5:34  Drone x3  
  62  5:37  Extractor  
  62  5:42  Drone  
  62  5:43  Drone x2  
  64  5:51  Hydralisk Den  
  64  5:52  Zergling x4  
  65  6:01  Zergling x8  
  69  6:37  Zergling x4  
  69  6:38  Zergling x2  
  72  6:40  Drone  
  72  6:41  Drone x5  
  72  6:44  Extractor, Drone x3  
  72  6:45  Extractor  
  79  6:54  Pneumatized Carapace  
  79  6:59  Grooved Spines  
  79  7:10  Infestation Pit  
  78  7:16  Overlord x2  
  78  7:38  Drone x3  
  78  7:40  Drone x2  
  83  7:50  Infestation Pit  
  82  7:53  Neural Parasite  
  82  7:55  Extractor  
  82  7:57  Infestor  
  83  7:58  Infestor  
  83  7:59  Infestor x2  
  89  8:13  Overlord x2  
  89  8:14  Overlord x3  
  89  8:20  Drone  
  90  8:28  Overlord  
  90  9:03  Overlord  
  90  9:04  Overlord x2  
  90  9:07  Hydralisk x7  
  90  9:08  Hydralisk x5  
  90  9:09  Zergling x4  
  120  9:10  Zergling x22  
  127  9:20  Hatchery  
  127  9:21  Evolution Chamber  
  127  9:22  Evolution Chamber  
  124  9:35  Pathogen Glands  
  124  9:53  Baneling x5  
  124  9:54  Baneling x6  
  124  9:59  Muscular Augments  
  124  10:02  Zerg Melee Weapons Level 1, Zerg Missile Weapons Level 1  
  124  10:03  Extractor  
  124  10:05  Extractor  
  122  10:34  Hive  
  122  10:36  Spire  
  121  10:59  Overseer  
  121  11:01  Infestor x2  
  121  11:02  Infestor  
  127  11:06  Hydralisk x3  
  127  11:07  Hydralisk x7  
  127  11:08  Hydralisk x6  
  127  11:10  Zergling x2  
  160  11:39  Overlord x2  
  160  11:40  Overlord x3  
  160  11:52  Greater Spire  
  160  12:04  Drone x3  
  160  12:05  Drone x3  
  160  12:06  Drone  
  160  12:07  Drone x5  
  172  12:10  Hydralisk x8  
  188  12:40  Adrenal Glands  
  188  12:48  Overlord x3  
  125  14:44  Hydralisk x5  
  125  14:45  Hydralisk x5  
  118  14:46  Zergling x10  
  118  14:47  Zergling x10  
  111  14:54  Hydralisk x5  
  111  14:55  Zergling x8  
  111  14:56  Zergling x10  
  111  14:57  Hydralisk x8, Zergling x6  
  111  14:58  Hydralisk  
  128  15:26  Hydralisk x3  
  128  15:27  Hydralisk, Overlord  
  128  15:28  Zergling x10  
  126  15:31  Queen  
  130  15:57  Hatchery  
  129  16:08  Hatchery  
  128  16:41  Extractor  
  128  16:46  Extractor  
  119  17:08  Hydralisk x7  
  95  17:09  Hydralisk  
  95  17:12  Zerg Missile Weapons Level 2  
  95  17:13  Zerg Melee Weapons Level 2  
  95  17:15  Hydralisk x2, Zergling x20  
  91  17:16  Hydralisk x8, Zergling x10  
  91  17:17  Hydralisk x6  
  91  17:18  Zergling x8  
  115  17:51  Zergling x8  
  115  17:52  Zergling x12  
  115  17:53  Zergling x2  
  124  18:02  Hatchery  
  123  18:37  Queen  
  123  18:38  Queen x2  
  127  18:48  Corruptor x6  
  129  18:49  Corruptor x6  
  129  18:50  Corruptor  
  153  18:56  Queen  
  153  18:57  Queen  
  153  18:59  Extractor  
  153  19:01  Drone x2  
  153  19:02  Extractor  
  157  19:24  Zergling x12  
  159  19:25  Zergling x12  
  159  19:26  Zergling x8  
  173  19:44  Baneling x4  
  173  19:45  Baneling x4  
  173  19:52  Brood Lord x6  
  186  19:53  Brood Lord x5  
  188  20:03  Hydralisk x4  
  188  20:05  Zergling x2  
  157  20:24  Hydralisk x7  
  157  20:25  Hydralisk x8  
  157  20:26  Hydralisk x4  
  168  21:10  Hydralisk x3  
  168  21:11  Hydralisk x8  
  170  21:12  Hydralisk, Zergling x4  
  170  21:13  Zergling x10  
  191  21:51  Mutalisk x2, Corruptor  
  191  21:52  Corruptor x3  
Show
View Real Time Build Order
Export as new Build Order

TiPtOP Terran 

Build Orders: Mech 

Get SALT Encoding   

  12  0:01  SCV  
  13  0:13  SCV  
  14  0:18  Supply Depot  
  14  0:26  SCV  
  15  0:40  SCV  
  15  0:42  Barracks  
  16  0:47  Refinery  
  16  0:52  SCV  
  18  1:04  SCV  
  18  1:16  SCV  
  19  1:31  Marine  
  19  1:32  Supply Depot  
  20  1:34  Orbital Command  
  20  2:00  Command Center  
  20  2:04  Factory  
  20  2:07  Barracks Tech Lab  
  20  2:12  Refinery  
  20  2:34  SCV  
  21  2:56  Widow Mine  
  23  2:59  Engineering Bay  
  23  3:09  SCV  
  24  3:13  Bunker  
  24  3:18  Siege Tank  
  27  3:21  SCV  
  28  3:32  Orbital Command  
  28  3:33  SCV  
  29  3:45  SCV  
  29  3:46  Factory  
  30  3:48  Armory  
  30  3:49  Factory  
  30  3:57  Missile Turret  
  30  4:03  SCV  
  30  4:07  SCV  
  32  4:15  SCV  
  33  4:19  SCV  
  33  4:21  Missile Turret  
  34  4:27  SCV  
  34  4:28  Siege Tank  
  38  4:31  SCV  
  38  4:37  Factory Tech Lab  
  38  4:38  Factory Reactor  
  39  5:01  Supply Depot  
  38  5:12  Siege Tank  
  38  5:13  Hellion  
  43  5:20  Supply Depot  
  43  5:21  SCV x2  
  45  5:22  Refinery  
  45  5:23  Supply Depot  
  45  5:29  Command Center  
  45  5:33  SCV x2  
  45  5:35  Hellion  
  49  6:09  Thor x2  
  49  6:10  Hellbat x2  
  49  6:11  Command Center, Terran Vehicle Weapons Level 1  
  65  6:20  Supply Depot  
  65  6:26  SCV  
  64  6:33  Supply Depot  
  64  6:38  SCV  
  65  6:42  Supply Depot  
  65  6:55  Thor  
  65  6:56  Hellbat x2  
  65  7:00  SCV  
  65  7:01  SCV  
  77  7:11  Refinery  
  77  7:12  SCV  
  78  7:15  Supply Depot  
  76  7:29  Thor  
  82  7:30  Hellion x2  
  86  7:38  Hellbat  
  86  7:39  SCV x2  
  86  7:43  Supply Depot  
  90  7:51  SCV  
  91  8:25  Orbital Command  
  91  8:51  SCV  
  91  8:52  Orbital Command  
  92  9:00  Thor x2  
  92  9:01  Hellbat x2  
  108  9:03  SCV  
  108  9:06  Refinery  
  108  9:08  Refinery, Missile Turret  
  109  9:15  SCV  
  110  9:22  Hellbat x2  
  114  9:25  Supply Depot  
  114  9:36  SCV x4  
  118  9:42  Thor  
  118  9:43  Hellbat  
  126  9:51  Terran Vehicle Weapons Level 2  
  126  10:01  Supply Depot  
  126  10:04  Thor  
  126  10:06  Missile Turret  
  132  10:07  SCV  
  133  10:19  SCV  
  133  10:20  Sensor Tower  
  134  10:23  Supply Depot  
  134  10:25  Hellbat x2, Thor  
  144  10:31  SCV, Sensor Tower  
  144  10:33  SCV  
  146  10:46  SCV, Hellbat  
  146  10:47  Thor  
  146  10:48  Supply Depot  
  155  10:53  Refinery  
  155  10:58  SCV  
  155  11:01  Refinery  
  155  11:03  SCV  
  157  11:05  Hellbat  
  157  11:10  SCV  
  160  11:16  SCV, Factory  
  160  11:18  Factory  
  161  11:19  Factory  
  161  11:20  Factory  
  161  11:22  SCV  
  162  11:28  SCV  
  163  11:34  SCV  
  163  11:37  Infernal Pre-Igniter  
  163  11:38  Smart Servos  
  164  11:45  Armory  
  164  11:46  SCV  
  165  11:49  SCV  
  166  12:02  SCV  
  167  12:14  SCV  
  168  12:19  Hellbat x2  
  172  12:27  Supply Depot  
  172  12:28  Supply Depot x2  
  172  12:33  SCV, Thor  
  172  12:34  Thor  
  185  12:42  Hellion  
  185  12:44  Factory Tech Lab x2  
  185  12:45  SCV  
  185  12:47  Factory Tech Lab  
  185  12:48  Factory Reactor  
  185  12:51  Supply Depot x2  
  186  12:52  Hellion  
  186  13:17  Thor  
  188  13:57  Command Center  
  170  14:33  Thor x3  
  170  14:34  Hellbat x3  
  170  14:35  Hellbat  
  150  15:06  Thor x2, Hellbat x3  
  168  15:07  Hellbat  
  170  15:16  Thor x2  
  170  15:17  Hellbat  
  166  15:27  Hellbat  
  166  15:28  Hellbat  
  146  15:29  Hellbat  
  146  15:30  Hellbat  
  150  15:37  Thor  
  156  15:49  Hellbat, Thor x2  
  170  15:59  Thor x2  
  182  16:20  Thor  
  188  16:32  Thor x2  
  200  16:34  Planetary Fortress  
  200  16:45  Command Center  
  194  17:03  Thor  
  176  17:10  Thor x2  
  176  17:11  Hellbat x3  
  176  17:14  Thor  
  196  17:17  Refinery  
  196  17:18  Refinery  
  196  17:20  Missile Turret x2  
  196  17:42  Terran Vehicle And Ship Armor Level 1, Terran Vehicle Weapons Level 3  
  196  17:47  Hellbat x4  
  196  17:48  Hellbat  
  176  18:04  Supply Depot  
  176  18:05  Siege Tank x3, Supply Depot  
  182  18:06  Siege Tank, Supply Depot x2  
  182  18:07  Supply Depot  
  188  19:23  Hellbat x4  
  196  19:27  Hellbat x2  
  191  20:07  Hellbat x4  
  161  20:23  Command Center  
  161  20:26  Refinery  
  161  20:42  Sensor Tower  
  155  21:12  Supply Depot  
  155  21:15  Supply Depot  
  155  21:28  Thor x2, Hellbat x2  
  155  21:29  Hellbat, Thor x3  
  155  21:30  Hellbat  
  193  21:37  Planetary Fortress  
  187  21:44  Command Center  
  157  21:50  Hellbat x2  
  129  22:08  Starport x2  
  122  22:11  Starport, Thor x3  
  122  22:12  Thor  
  138  22:23  Hellbat x3  
Tags
 
Composition
Mech
Matchup
TvZ
Spawn Locations
Cross Positions
Add a new tag
Caveats
  • Supply blocks, unpowered buildings, or Contaminate may cause inaccurate times.
  • Supply counts are checked every 10 seconds.